 Dungeon Crawl Stone Soup version 0.26-a0-651-gb41185065b (webtiles) character file.

Game seed: 11337563792266888307

19 Flugslaktarn the Shield-Bearer (level 2, -5/28 HPs)
             Began as a Deep Dwarf Fighter on Oct 12, 2020.
             Slain by an ogre
             ... wielding a +0 giant club
              (17 damage)
             ... on level 4 of the Dungeon.
             The game lasted 00:00:15 (337 turns).

Flugslaktarn the Shield-Bearer (Deep Dwarf Fighter)  Turns: 337, Time: 00:00:16

Health: -5/28      AC:  7    Str: 19    XL:     2   Next: 55%
Magic:  2/2        EV:  5    Int:  8    God:
Gold:   52         SH:  9    Dex: 12    Spells: 1/1 levels left

rFire    . . .     SeeInvis .   a - +0 war axe
rCold    . . .     Faith    .   c - +0 kite shield
rNeg     . . .     Spirit   .   i - -2 chain mail (curse)
rPois    .         Reflect  .   (no helmet)
rElec    .         Harm     .   (no cloak)
rCorr    .         Rampage  .   (no gloves)
MR       .....                  (no boots)
Stlth    ..........             (no amulet)
HPRegen  0.00/turn              (no ring)
MPRegen  0.08/turn              (no ring)

@: mighty, non-regenerating
A: damage resistance, heal wounds, sense surroundings 1, no regeneration
a: Heal Wounds


You were on level 4 of the Dungeon.
You visited 1 branch of the dungeon, and saw 4 of its levels.

You collected 52 gold pieces.

Inventory:

Hand Weapons
 a - a +0 war axe (weapon)
Armour
 b - a +0 scale mail
 c - a +0 kite shield (worn)
 i - a cursed -2 chain mail (worn)
   (You found it on level 2 of the Dungeon)
Jewellery
 g - a +4 ring of slaying {unknown}
   (You found it on level 1 of the Dungeon)
Scrolls
 h - 2 scrolls of identify {unknown}
Potions
 e - a potion of curing {unknown}
 f - a potion of haste {unknown}
 j - a potion of mutation {unknown}


   Skills:
 * Level 3.0 Fighting
 * Level 2.6 Axes
 + Level 3.4 Armour
 + Level 3.5 Shields


You had one spell level left.
You didn't know any spells.
Your spell library was empty.

Dungeon Overview and Level Annotations

Branches:
Dungeon (4/15)
 Temple: D:4-7

Altars:


Innate Abilities, Weirdness & Mutations

You are resistant to damage.
You can heal yourself by infusing magical energy.
You passively map a small area around you.
You do not regenerate.


Message History

The ogre hits you with a +0 giant club!!
Ouch! That really hurt!
* * * LOW HITPOINT WARNING * * *
You are too injured to fight recklessly!
You feel much better.
You see here a scroll labeled YLAUCW KISE.
You aren't carrying any items that you can evoke.
Unknown command.
You feel very mighty all of a sudden. The ogre hits you with a +0 giant club.
You feel much better. You block the ogre's attack.
You slash the ogre!
The ogre is heavily wounded.
The ogre hits you with a +0 giant club!
Ouch! That really hurt!
You slash the ogre!
The ogre is almost dead.
The ogre hits you with a +0 giant club!!
Ouch! That really hurt!
You die...

*#.#*#........ . ..
#....?..., , , , ,,
..###. #........ ,,
....##........ ,, ,
...#........ , *
#.#Z....... , ,
#.r#+##.... , * , ,
##O#.# . * #@#.# ,, +, *
#...# * * , * * *
#####..### , ,
#.....>..#* , * ,
#........# , * ,
#........# , , , , , *
#...##....+
#############...#######,
, ....................#
*


You could see an ogre, a quokka and a jackal skeleton.

Vanquished Creatures
  An adder (D:2)
  A leopard gecko (D:1)
  A bat (D:1)
  A goblin (D:2)
  A hobgoblin (D:1)
  3 jackals (D:3)
8 creatures vanquished.

Notes
Turn   | Place    | Note
-------+----------+-------------------------------------------
     0 | D:1      | Flugslaktarn the Deep Dwarf Fighter began the quest for the
                  | Orb.
     0 | D:1      | Reached XP level 1. HP: 20/20 MP: 1/1
   168 | D:2      | Reached XP level 2. HP: 25/28 MP: 2/2
   326 | D:4      | Noticed an ogre
   337 | D:4      | Slain by an ogre

Illustrated notes

Levels and vault maps discovered:
D:1:      minmay_arrival_plants_in_alcoves, layout_basic
D:2:      layout_basic, grunt_decor_resistance
D:3:      layout_basic, nicolae_overflow_hidden_temple
D:4:      layout_basic, hangedman_abyss_or_decor_slice

Skill      XL: |  1 |
---------------+----+-----
Fighting       | 3 |  3.0
Axes           | |  2.6
Armour         | |  3.4
Shields        | |  3.5

Action                   || total
-------------------------++-------
Melee: War axe           ||    34
 Abil: Heal Wounds       ||     2
  Use: Potion            ||     1
Armor: Scale mail        ||     4
       Chain mail        ||    17
Dodge: Dodged            ||    13
Block: Kite shield       ||    23

Table legend: (Time is in decaauts)
 A = Elapsed time spent in this place.
 B = Non-inter-level travel time spent in this place.
 C = Inter-level travel time spent in this place.
 D = Time resting spent in this place.
 E = Time spent auto-exploring this place.
 F = Levels seen in this place.
 G = Mean time per level.
                   A        B        C        D        E       F      G
               +--------+--------+--------+--------+--------+-----+--------+
         Total |    351 |    330 |     21 |      0 |    239 |   4 |   87.8 |
       Dungeon |    351 |    330 |     21 |      0 |    239 |   4 |   87.8 |
               +--------+--------+--------+--------+--------+-----+--------+

Top non-repeatable levels by time:
     D:1: 120 daAuts
     D:4: 90 daAuts
     D:2: 78 daAuts
     D:3: 61 daAuts
